General information
			
			
        
        - name: BNet
 
        - type: Ladder team game (AT/RT)
 
        - host: Battle.net
 
        - saver: TIMG4STRok
 
        
map: Friends 
        - players: 8
 
        - length: 22:21
 
        - speed: Fast
 - version: 1.22 W3XP
 - replay type:  

 
» download(157 KB)
Players
        team 1 (winner) 
              
              
» 
GameProz (
purple | 34 APM | 770 actions | 22:20)
              
 5 Blademaster 
 3 Wind Walk
 2 Critical Strike
 3 Shadow Hunter 
 2 Healing Wave
 1 Hex
 
                » actions 
                
                | Basic commands | 19 |  | 
| Build / train | 54 |  | 
| Enter build submenu | 16 |  | 
| Enter hero's abilities submenu | 8 |  | 
| Remove unit from queue | 2 |  | 
| Right click | 324 |  | 
| Select / deselect | 289 |  | 
| Use ability | 58 |  | 
                770 total
 » units 
                
                | Peon | 7 |  | 
| Grunt | 5 |  | 
| Wind Rider | 1 |  | 
| Tauren | 10 |  | 
| Shaman | 4 |  | 
| Forest Troll Shadow Priest | 1 |  | 
                28 total
 » upgrades
                
                | Berserker Strength | 1 |  | 
| Armor | 1 |  | 
| Melee Weapons | 2 |  | 
| Shaman Training | 2 |  | 
| Pulverize | 1 |  | 
                7 total
 » buildings
                
                | Altar of Storms | 1 |  | 
| Orc Burrow | 7 |  | 
| Barracks | 1 |  | 
| Stronghold | 1 |  | 
| War Mill | 1 |  | 
| Voodoo Lounge | 1 |  | 
| Fortress | 1 |  | 
| Beastiary | 2 |  | 
| Spirit Lodge | 1 |  | 
| Tauren Totem | 2 |  | 
                18 total
 » build order
                00:08 Altar of Storms
00:20 Orc Burrow
00:37 Barracks
02:00 Orc Burrow
02:48 Stronghold
03:00 Orc Burrow
04:51 War Mill
04:58 Voodoo Lounge
05:16 Fortress
06:26 Beastiary
07:34 Beastiary
07:39 Spirit Lodge
08:38 Tauren Totem
09:33 Tauren Totem
11:00 Orc Burrow
11:33 Orc Burrow
14:45 Orc Burrow
17:05 Orc Burrow
» items
                
                | Healing Salve | 1 |  | 
| Orb of Lightning | 1 |  | 
| Scroll of Town Portal | 2 |  | 
| Lesser Clarity Potion | 1 |  | 
                5 total
  
               
              
              
» 
TIMG4STRok (
blue | 132 APM | 2940 actions | 22:21)
              
 4 Archmage 
 2 Summon Water Elemental
 2 Brilliance Aura
 4 Mountain King 
 2 Storm Bolt
 2 Bash
 
                » actions 
                
                | Assign group hotkey | 38 |  | 
| Basic commands | 74 |  | 
| Build / train | 68 |  | 
| ESC pressed | 3 |  | 
| Enter build submenu | 27 |  | 
| Enter hero's abilities submenu | 8 |  | 
| Right click | 1270 |  | 
| Select / deselect | 300 |  | 
| Select group hotkey | 1083 |  | 
| Use ability | 69 |  | 
                2940 total
 » units 
                
                | Peasant | 8 |  | 
| Footman | 10 |  | 
| Siege Engine | 1 |  | 
| Mortar Team | 6 |  | 
| Spell Breaker | 4 |  | 
| Gryphon Rider | 4 |  | 
                33 total
 » upgrades
                
                | Lumber Harvesting | 1 |  | 
| Fragmentation Shards | 1 |  | 
| Gunpowder | 1 |  | 
| Flare | 1 |  | 
| Control Magic | 1 |  | 
| Storm Hammers | 1 |  | 
| Armor | 1 |  | 
| Masonry | 2 |  | 
                9 total
 » buildings
                
                | Altar of Kings | 1 |  | 
| Barracks | 2 |  | 
| Farm | 10 |  | 
| Scout Tower | 6 |  | 
| Arcane Tower | 1 |  | 
| Keep | 1 |  | 
| Arcane Vault | 1 |  | 
| Lumber Mill | 1 |  | 
| Blacksmith | 1 |  | 
| Castle | 1 |  | 
| Workshop | 3 |  | 
| Arcane Sanctum | 1 |  | 
| Gryphon Aviary | 2 |  | 
| Town Hall | 1 |  | 
| Guard Tower | 2 |  | 
                34 total
 » build order
                00:04 Altar of Kings
00:10 Barracks
00:12 Barracks
00:26 Farm
01:00 Farm
01:27 Farm
02:00 Scout Tower
02:55 Arcane Tower
03:33 Keep
04:20 Arcane Vault
04:23 Farm
04:24 Farm
04:48 Lumber Mill
05:02 Blacksmith
06:22 Castle
07:13 Workshop
07:14 Workshop
07:15 Workshop
08:51 Farm
08:52 Farm
09:33 Arcane Sanctum
11:43 Farm
13:10 Gryphon Aviary
13:11 Gryphon Aviary
16:50 Farm
16:50 Farm
17:07 Town Hall
18:43 Scout Tower
18:44 Scout Tower
18:47 Scout Tower
18:49 Scout Tower
18:50 Scout Tower
19:54 Guard Tower
20:15 Guard Tower
» items
                
                | Scroll of Regeneration | 5 |  | 
| Scroll of Town Portal | 3 |  | 
| Potion of Healing | 1 |  | 
| Staff of Sanctuary | 1 |  | 
                10 total
  
               
              
              
» 
mckc (
green | 55 APM | 1218 actions | 22:20)
              
 4 Crypt Lord 
 2 Carrion Beetles
 2 Impale
 4 Death Knight 
 2 Death Coil
 2 Unholy Aura
 4 Lich 
 2 Frost Nova
 2 Frost Armor
 
                » actions 
                
                | Assign group hotkey | 23 |  | 
| Build / train | 63 |  | 
| Enter build submenu | 24 |  | 
| Enter hero's abilities submenu | 12 |  | 
| Remove unit from queue | 5 |  | 
| Right click | 337 |  | 
| Select / deselect | 232 |  | 
| Select group hotkey | 478 |  | 
| Use ability | 44 |  | 
                1218 total
 » units 
                
                | Acolyte | 7 |  | 
| Ghoul | 11 |  | 
| Crypt Fiend | 7 |  | 
| Gargoyle | 4 |  | 
                29 total
 » upgrades
                
                | Creature Attack | 3 |  | 
| Web | 1 |  | 
| Burrow | 1 |  | 
| Creature Carapace | 2 |  | 
                7 total
 » buildings
                
                | Ziggurat | 12 |  | 
| Crypt | 5 |  | 
| Altar of Darkness | 1 |  | 
| Nerubian Tower | 2 |  | 
| Graveyard | 1 |  | 
| Halls of the Dead | 2 |  | 
| Black Citadel | 1 |  | 
| Sacrificial Pit | 1 |  | 
| Boneyard | 1 |  | 
| Spirit Tower | 2 |  | 
| Necropolis | 1 |  | 
                29 total
 » build order
                00:10 Ziggurat
00:20 Crypt
00:36 Altar of Darkness
01:01 Ziggurat
01:58 Nerubian Tower
02:12 Graveyard
02:58 Halls of the Dead
04:18 Ziggurat
04:29 Ziggurat
04:36 Ziggurat
05:55 Black Citadel
08:08 Sacrificial Pit
09:57 Boneyard
10:57 Crypt
11:04 Crypt
11:41 Spirit Tower
11:44 Nerubian Tower
11:45 Spirit Tower
12:34 Ziggurat
13:28 Ziggurat
13:33 Ziggurat
13:43 Ziggurat
18:52 Necropolis
18:55 Ziggurat
18:58 Ziggurat
19:14 Ziggurat
20:31 Crypt
20:35 Crypt
20:37 Halls of the Dead
» items
                 
               
              
              
dixie_wrecked (
orange | 22 APM | 489 actions | 22:20)
              
 3 Blademaster 
 1 Wind Walk
 1 Critical Strike
 1 Mirror Image
 
                » actions 
                
                | Build / train | 43 |  | 
| Enter build submenu | 22 |  | 
| Enter hero's abilities submenu | 3 |  | 
| Right click | 213 |  | 
| Select / deselect | 169 |  | 
| Use ability | 39 |  | 
                489 total
 » units 
                » upgrades
                
                | Spiked Barricades | 1 |  | 
| Melee Weapons | 2 |  | 
| Ensnare | 1 |  | 
| Armor | 1 |  | 
                5 total
 » buildings
                
                | Orc Burrow | 7 |  | 
| Altar of Storms | 1 |  | 
| War Mill | 1 |  | 
| Voodoo Lounge | 1 |  | 
| Stronghold | 1 |  | 
| Watch Tower | 7 |  | 
| Fortress | 1 |  | 
| Beastiary | 2 |  | 
| Great Hall | 1 |  | 
                22 total
 » build order
                00:06 Orc Burrow
00:09 Altar of Storms
01:52 War Mill
02:11 Voodoo Lounge
02:30 Stronghold
04:18 Watch Tower
04:21 Watch Tower
04:25 Watch Tower
05:06 Fortress
05:36 Orc Burrow
05:40 Orc Burrow
05:45 Watch Tower
06:16 Orc Burrow
07:55 Watch Tower
07:58 Beastiary
08:02 Beastiary
09:00 Watch Tower
10:06 Watch Tower
11:40 Orc Burrow
12:42 Orc Burrow
13:59 Orc Burrow
21:16 Great Hall
» items
                
                | Healing Salve | 1 |  | 
| Lesser Clarity Potion | 1 |  | 
| Orb of Lightning | 1 |  | 
| Potion of Healing | 1 |  | 
| Potion of Mana | 1 |  | 
                5 total
  
               team 2 (loser) 
              
              
TheDarknesFlame (
red | 48 APM | 1072 actions | 22:19)
              
 4 Archmage 
 2 Summon Water Elemental
 2 Brilliance Aura
 3 Paladin 
 1 Holy Light
 1 Devotion Aura
 1 Divine Shield
 3 Firelord 
 2 Summon Lava Spawn
 1 Soul Burn
 
                » actions 
                
                | Assign group hotkey | 26 |  | 
| Basic commands | 77 |  | 
| Build / train | 54 |  | 
| Enter build submenu | 24 |  | 
| Enter hero's abilities submenu | 10 |  | 
| Right click | 291 |  | 
| Select / deselect | 283 |  | 
| Select group hotkey | 217 |  | 
| Use ability | 90 |  | 
                1072 total
 » units 
                
                | Peasant | 8 |  | 
| Footman | 6 |  | 
| Sorceress | 6 |  | 
| Knight | 1 |  | 
| Spell Breaker | 6 |  | 
                27 total
 » upgrades
                
                | Sorceress Training | 2 |  | 
| Control Magic | 1 |  | 
| Plating | 1 |  | 
                4 total
 » buildings
                
                | Altar of Kings | 1 |  | 
| Barracks | 1 |  | 
| Farm | 12 |  | 
| Lumber Mill | 1 |  | 
| Arcane Vault | 1 |  | 
| Keep | 1 |  | 
| Scout Tower | 1 |  | 
| Arcane Tower | 1 |  | 
| Blacksmith | 1 |  | 
| Castle | 1 |  | 
| Arcane Sanctum | 2 |  | 
                23 total
 » build order
                00:20 Altar of Kings
00:34 Barracks
00:52 Farm
01:11 Lumber Mill
01:33 Farm
01:54 Arcane Vault
02:09 Farm
03:15 Farm
03:17 Keep
03:26 Scout Tower
04:20 Arcane Tower
04:23 Farm
04:26 Farm
04:32 Blacksmith
05:54 Castle
05:56 Arcane Sanctum
06:20 Farm
09:36 Arcane Sanctum
11:01 Farm
11:49 Farm
13:51 Farm
15:57 Farm
20:02 Farm
» items
                
                | Lesser Clarity Potion | 4 |  | 
| Scroll of Regeneration | 1 |  | 
| Potion of Healing | 1 |  | 
| Scroll of Town Portal | 1 |  | 
                7 total
  
               
              
              
» 
TheJezusLizard (
yellow | 48 APM | 959 actions | 19:56)
              
 4 Archmage 
 2 Summon Water Elemental
 1 Brilliance Aura
 1 Blizzard
 
                » actions 
                
                | Assign group hotkey | 8 |  | 
| Basic commands | 35 |  | 
| Build / train | 60 |  | 
| Enter build submenu | 24 |  | 
| Enter hero's abilities submenu | 4 |  | 
| Right click | 517 |  | 
| Select / deselect | 234 |  | 
| Select group hotkey | 23 |  | 
| Use ability | 54 |  | 
                959 total
 » units 
                » upgrades
                
                | Lumber Harvesting | 2 |  | 
| Masonry | 1 |  | 
| Barrage | 1 |  | 
| Gunpowder | 2 |  | 
| Plating | 1 |  | 
                7 total
 » buildings
                
                | Farm | 14 |  | 
| Lumber Mill | 2 |  | 
| Altar of Kings | 1 |  | 
| Keep | 1 |  | 
| Scout Tower | 10 |  | 
| Arcane Tower | 4 |  | 
| Guard Tower | 3 |  | 
| Blacksmith | 1 |  | 
| Workshop | 4 |  | 
| Castle | 1 |  | 
| Cannon Tower | 1 |  | 
                42 total
 » build order
                00:22 Farm
00:37 Lumber Mill
00:52 Altar of Kings
00:54 Farm
01:30 Farm
01:33 Farm
02:25 Farm
02:26 Farm
02:29 Farm
02:56 Keep
03:26 Scout Tower
04:47 Arcane Tower
04:52 Scout Tower
04:53 Scout Tower
05:25 Arcane Tower
05:26 Guard Tower
05:30 Blacksmith
06:44 Workshop
06:46 Workshop
07:30 Scout Tower
07:47 Arcane Tower
08:29 Workshop
08:35 Scout Tower
08:35 Scout Tower
08:36 Scout Tower
09:59 Castle
10:03 Farm
10:04 Scout Tower
10:12 Scout Tower
10:15 Scout Tower
10:47 Arcane Tower
10:52 Guard Tower
11:00 Guard Tower
11:06 Farm
11:16 Cannon Tower
11:45 Workshop
13:27 Lumber Mill
13:50 Farm
13:51 Farm
15:56 Farm
15:57 Farm
15:58 Farm
 
               
              
              
» 
sc2no.wc4yes (
pink | 62 APM | 1267 actions | 20:17)
              
 4 Keeper of the Grove 
 2 Entangling Roots
 2 Thorns Aura
 
                » actions 
                
                | Assign group hotkey | 52 |  | 
| Basic commands | 99 |  | 
| Build / train | 48 |  | 
| ESC pressed | 1 |  | 
| Enter build submenu | 13 |  | 
| Enter hero's abilities submenu | 4 |  | 
| Give item / drop item | 1 |  | 
| Right click | 359 |  | 
| Select / deselect | 184 |  | 
| Select group hotkey | 459 |  | 
| Use ability | 47 |  | 
                1267 total
 » units 
                
                | Wisp | 16 |  | 
| Archer | 10 |  | 
| Druid of the Talon | 8 |  | 
| Chimaera | 4 |  | 
                38 total
 » upgrades
                
                | Improved Bows | 1 |  | 
| Druid of the Talon Training | 2 |  | 
                3 total
 » buildings
                
                | Altar of Elders | 1 |  | 
| Moon Well | 7 |  | 
| Ancient of War | 1 |  | 
| Tree of Ages | 1 |  | 
| Tree of Eternity | 1 |  | 
| Ancient of Wind | 2 |  | 
| Chimaera Roost | 2 |  | 
                15 total
 » build order
                00:19 Altar of Elders
00:25 Moon Well
00:47 Ancient of War
01:36 Moon Well
02:10 Moon Well
02:20 Moon Well
03:32 Tree of Ages
05:54 Tree of Eternity
05:55 Ancient of Wind
05:56 Ancient of Wind
08:57 Moon Well
08:58 Moon Well
11:36 Chimaera Roost
11:52 Chimaera Roost
11:56 Moon Well
 
               
              
              
ancientplayer (
teal | 55 APM | 1218 actions | 22:16)
              
 5 Mountain King 
 2 Storm Bolt
 3 Bash
 3 Paladin 
 2 Holy Light
 1 Divine Shield
 1 Keeper of the Grove 
 1 Thorns Aura
 
                » actions 
                
                | Assign group hotkey | 26 |  | 
| Basic commands | 16 |  | 
| Build / train | 65 |  | 
| Enter build submenu | 23 |  | 
| Enter hero's abilities submenu | 9 |  | 
| Remove unit from queue | 2 |  | 
| Right click | 429 |  | 
| Select / deselect | 286 |  | 
| Select group hotkey | 283 |  | 
| Use ability | 79 |  | 
                1218 total
 » units 
                
                | Peasant | 17 |  | 
| Footman | 5 |  | 
| Mortar Team | 4 |  | 
| Rifleman | 6 |  | 
| Goblin Zeppelin | 1 |  | 
| Dragonhawk Rider | 2 |  | 
                35 total
 » upgrades
                
                | Long Rifles | 1 |  | 
| Lumber Harvesting | 2 |  | 
| Masonry | 2 |  | 
| Gunpowder | 2 |  | 
| Animal War Training | 0 |  | 
| Cloud | 1 |  | 
                8 total
 » buildings
                
                | Altar of Kings | 1 |  | 
| Farm | 7 |  | 
| Barracks | 1 |  | 
| Lumber Mill | 1 |  | 
| Scout Tower | 2 |  | 
| Guard Tower | 2 |  | 
| Keep | 1 |  | 
| Blacksmith | 1 |  | 
| Arcane Vault | 1 |  | 
| Castle | 1 |  | 
| Workshop | 2 |  | 
| Gryphon Aviary | 2 |  | 
| Town Hall | 1 |  | 
                23 total
 » build order
                00:09 Altar of Kings
00:13 Farm
00:42 Farm
00:53 Barracks
01:13 Lumber Mill
02:12 Scout Tower
03:04 Guard Tower
03:07 Keep
03:20 Scout Tower
03:36 Farm
04:23 Guard Tower
04:31 Blacksmith
05:07 Arcane Vault
05:59 Farm
06:06 Castle
06:21 Workshop
07:28 Farm
07:44 Gryphon Aviary
12:06 Gryphon Aviary
13:28 Farm
15:07 Town Hall
17:52 Workshop
19:09 Farm
» items
                
                | Scroll of Regeneration | 2 |  | 
| Orb of Fire | 1 |  | 
| Scroll of Town Portal | 2 |  | 
                5 total
  
                Chat log
          (00:15 / Allies) GameProz: hello everyone
(00:23 / Allies) dixie_wrecked: hello 
(00:30 / Allies) mckc: harass with me oj
(00:35 / Allies) dixie_wrecked: k
(00:46 / Allies) TIMG4STRok: tanks
(00:56 / Allies) dixie_wrecked: raiders
(00:56 / Allies) GameProz: melee
(01:04 / Allies) mckc: necs
(01:10 / Allies) TIMG4STRok: get air green
(01:11 / Allies) TIMG4STRok: frost wyrms
(01:14 / Allies) mckc: aight
(01:18 / Allies) mckc: i need some gold though
(01:23 / Allies) TIMG4STRok: we all do
(01:31 / Allies) mckc: i mean i need to get an expo
(01:37 / Allies) TIMG4STRok: go for it
(02:24 / Allies) mckc: coming asap oj
(02:31 / Allies) GameProz: go orange
(02:31 / Allies) mckc: 2 sec
(02:36 / Allies) GameProz: i am behind you
(02:39 / Allies) mckc: go
(03:03 / All) sc2no.wc4yes: wanna get stabbed?
(03:19 / Allies) mckc: get peons for me
(04:04 / Allies) mckc: i hate my hero 
(04:05 / Allies) mckc: fucker
(05:14 / Allies) GameProz: lets hit yellow asap
(05:19 / Allies) mckc: yep
(05:32 / Allies) mckc: lets me raise a bunch of these
(05:50 / Allies) mckc: aight
(06:04 / Allies) mckc: cancel that burrow
(06:06 / Allies) mckc: it blocks
(06:12 / Allies) mckc: thx
(06:22 / Allies) mckc: you lead oj
(07:25 / Allies) mckc: i out
(08:31 / Allies) mckc: get trees in gap
(09:30 / Allies) mckc: come oj
(09:47 / Allies) GameProz: i'll come help
(11:01 / Allies) mckc: i going ot mass fiends with web
(11:04 / Allies) GameProz: lumber for lust?
(11:19 / Allies) GameProz: thanks blue
(12:01 / Allies) dixie_wrecked: green you better feed me since you took my mine
(12:09 / Allies) mckc: i wil
(12:11 / Allies) mckc: i promise
(13:05 / Allies) mckc: lets hit him from behind
(13:33 / All) sc2no.wc4yes: i mean you guys are all at 25 food
(13:44 / Allies) TIMG4STRok: lets hit purple
(13:48 / Allies) GameProz: wait for me green and orange
(13:52 / Allies) TIMG4STRok: split
(13:53 / Allies) mckc: lead oj
(13:55 / Allies) TIMG4STRok: come hit left side with me
(13:57 / Allies) mckc: with raiders and get main
(14:01 / Allies) TIMG4STRok: actually w/e hit top
(14:03 / Allies) GameProz: i'm already over here
(14:57 / Allies) TIMG4STRok: they tped down here
(15:29 / Allies) TIMG4STRok: why did you run
(15:38 / Allies) mckc: nobody there
(15:48 / Allies) GameProz: lets go
(15:50 / Allies) GameProz: blue come
(17:02 / Allies) TIMG4STRok: go hit again
(17:47 / Allies) mckc: gogogogogogogogogo
(17:54 / Allies) mckc: tp?
(18:02 / Allies) GameProz: i have one
(18:10 / Allies) GameProz: TP?
(19:34 / Allies) TIMG4STRok: any lumber?
(20:10 / All) TIMG4STRok: gg
(20:53 / Allies) mckc: top now
(20:58 / Allies) dixie_wrecked: gold